 Dungeon Crawl Stone Soup version 0.19.3-4-gbf9329e (webtiles) character file.

108 Naow the Conjurer (level 4, -4/24 HPs)
             Began as a Deep Elf Conjurer on Jan 26, 2017.
             Killed by divine providence
             ... invoked by an orc priest
              (9 damage)
             ... on level 4 of the Dungeon.
             The game lasted 00:02:42 (2320 turns).

Naow the Conjurer (Deep Elf Conjurer)               Turns: 2320, Time: 00:02:43

Health: -4/24      AC:  3    Str:  5    XL:     4   Next: 58%
Magic:  12/12      EV: 13    Int: 21    God:
Gold:   144        SH:  0    Dex: 15    Spells: 2 memorised, 8 levels left

rFire  . . .     SeeInvis .     o - +0 dagger (venom)
rCold  . . .     Gourm    .     n - +1 robe {rN+}
rNeg   + . .     Faith    .     (no shield)
rPois  .         Spirit   .     (no helmet)
rElec  .         Reflect  .     (no cloak)
rCorr  .         Harm     .     (no gloves)
MR     .....                    (no boots)
Stlth  ++........               (no amulet)
                                (no ring)
                                k - ring of flight

@: no status effects
A: no striking features
a: Evoke Flight


You were on level 4 of the Dungeon.
You were not hungry.

You visited 1 branch of the dungeon, and saw 3 of its levels.

You collected 144 gold pieces.

Inventory:

Hand Weapons
 o - a +0 dagger of venom (weapon)
Armour
 a - a +0 robe
 n - a +1 robe of positive energy (worn)
 u - a +0 buckler
Jewellery
 k - a ring of flight (left hand)
 q - an uncursed ring of ice {unknown}
 r - a +3 ring of strength {unknown}
Wands
 p - a wand of lightning (5/15)
Scrolls
 e - 3 scrolls of identify {unknown}
 f - a scroll of blinking {unknown}
 h - a scroll of recharging {unknown}
 j - a scroll of remove curse {unknown}
 l - 2 scrolls of immolation {unknown}
 m - a scroll of fear {unknown}
 t - 2 scrolls of magic mapping {unknown}
Potions
 g - 2 potions of degeneration {unknown}
 s - a potion of brilliance {unknown}
 v - a potion of magic {unknown}
Books
 b - a book of Conjurations

   Spells                             Type                      Level
   a - Magic Dart                     Conjuration                  1
   b - Searing Ray                    Conjuration                  2
   c - Dazzling Spray                 Conjuration/Hexes            3
   d - Fulminant Prism                Conjuration/Hexes            4
   e - Iskenderun's Mystic Blast      Conjuration                  4
   f - Iskenderun's Battlesphere      Conjuration/Charms           5
Comestibles
 c - a bread ration
 d - 2 chunks of flesh
 i - a meat ration


   Skills:
 - Level 2.4 Dodging
 - Level 2.4 Stealth
 + Level 4.4 Spellcasting
 * Level 6.0 Conjurations


You had 8 spell levels left.
You knew the following spells:

 Your Spells              Type           Power        Failure   Level  Hunger
a - Magic Dart            Conj           ####         1%          1    None
b - Searing Ray           Conj           ####..       1%          2    #......


Dungeon Overview and Level Annotations

Branches:
Dungeon (2/15)

Altars:
Xom


Message History

An orc, 2 orc priests and an orc wizard come into view.
The orc priest shouts!
The orc wizard shouts!
The orc shouts!
Found a bread ration.
The orc priest invokes the aid of Beogh against you.
Beogh smites you!
Ouch! That really hurt!
Found a yellow potion.
You see here a bread ration.
A scorpion comes into view.
Found 15 stones.
The orc priest casts a cantrip, but nothing happens.
You hit the orc wizard.
The orc wizard is poisoned.
The orc wizard is lightly wounded.
The orc wizard points at you and mumbles some strange words.
The magic dart hits you!
* * * LOW HITPOINT WARNING * * *
The scorpion barely misses you.
The orc priest invokes the aid of Beogh against you.
Beogh smites you!
You die...

##########
##.@.......
#.os....(#.
##.######..#####.#
........o...#
#..###.#.o.#
##..###.#o..#
#...........#
#...###.....#
##...##......#


You could see a scorpion, 2 orc priests, an orc wizard and an orc.

Vanquished Creatures
  3 gnolls (D:2)
  4 adders (D:2)
  An ooze (D:1)
  A worm (D:1)
  2 dart slugs
  A ball python (D:1)
  2 giant cockroaches
  4 goblins
  A hobgoblin (D:2)
  4 bats
  A frilled lizard (D:1)
  6 kobolds
  10 rats
40 creatures vanquished.

Notes
Turn   | Place    | Note
-------+----------+-------------------------------------------
     0 | D:1      | Naow the Deep Elf Conjurer began the quest for the Orb.
     0 | D:1      | Reached XP level 1. HP: 10/10 MP: 6/6
   179 | D:1      | Reached XP level 2. HP: 15/15 MP: 6/8
   416 | D:1      | Reached skill level 5 in Conjurations
   964 | D:2      | Reached XP level 3. HP: 19/19 MP: 6/10
   968 | D:2      | Learned a level 2 spell: Searing Ray
  1422 | D:2      | Found a shimmering altar of Xom.
  1423 | D:2      | Found a shimmering altar of Xom.
  1423 | D:2      | Found a shimmering altar of Xom.
  1423 | D:2      | Found a shimmering altar of Xom.
  1774 | D:2      | Reached XP level 4. HP: 6/24 MP: 8/12
  2129 | D:2      | Reached skill level 6 in Conjurations
  2301 | D:2      | You fall through a shaft for 2 floors!
  2320 | D:4      | Killed from afar by an orc priest

Skill      XL: |  1  2  3  4 |
---------------+-------------+-----
Conjurations   | 5 6 |  6.0
Spellcasting   | 4 |  4.4
Dodging        | |  2.4
Stealth        | |  2.4

Action                   |  1- 3 |  4- 6 || total
-------------------------+-------+-------++-------
Melee: Dagger            |       |     1 ||     1
 Cast: Magic Dart        |    68 |    18 ||    86
       Searing Ray       |       |     1 ||     1
  Eat: Chunk             |     2 |     2 ||     4
Armor: Robe              |     4 |       ||     4
Dodge: Dodged            |     5 |     1 ||     6
